 Dungeon Crawl Stone Soup version 0.28.0-45-g0d030f2227 (webtiles) character file.

Game seed: 1308311583746676163

114 croobank the Slasher (level 4, -2/34 HPs)
             Began as a Gnoll Wanderer on Apr 3, 2022.
             Killed by nerve-wracking pain
             ... invoked by an orc priest
              (8 damage)
             ... on level 3 of the Dungeon.
             The game lasted 00:07:11 (3095 turns).

croobank the Slasher (Gnoll Wanderer)               Turns: 3095, Time: 00:07:11

Health: -2/34      AC: 10    Str: 10    XL:     4   Next: 98%
Magic:  5/11       EV: 13    Int: 13    God:
Gold:   103        SH:  0    Dex: 13    Spells: 6/13 levels left

rFire   . . .      SeeInvis .   g - +1 short sword (speed)
rCold   . . .      Faith    .   (no shield)
rNeg    . . .      Spirit   .   c - +0 robe
rPois   .          Reflect  .   (no helmet)
rElec   .          Harm     .   o - +2 cloak
rCorr   .          Rampage  .   n - +0 pair of gloves
Will    .....                   (no boots)
Stlth   ++........              (no amulet)
HPRegen 0.11/turn               v - +4 ring of protection
MPRegen 0.12/turn               (no ring)

@: very slightly contaminated
A: fangs 1, strong nose, distributed training
a: no special abilities


You were on level 3 of the Dungeon.
You visited 1 branch of the dungeon, and saw 3 of its levels.

You collected 103 gold pieces.

Inventory:

Hand Weapons
 a - a +2 falchion
 g - a +1 short sword of speed (weapon)
 q - a +2 antimagic whip
 y - a +0 war axe
Missiles
 d - 56 stones
 k - 17 bolts
Armour
 b - a +0 pair of gloves
 c - a +0 robe (worn)
 f - a +0 leather armour
 l - a +0 buckler
 n - a +0 pair of gloves (worn)
 o - a +2 cloak (worn)
 p - a +0 scale mail
 s - a +0 ring mail
 t - a +0 kite shield
Jewellery
 u - an amulet of regeneration
 v - a +4 ring of protection (left hand)
Scrolls
 e - a scroll of identify
 h - a scroll of fear {unknown}
 r - a scroll of magic mapping {unknown}
 w - a scroll of immolation {unknown}
 x - a scroll of summoning {unknown}
Potions
 i - a potion of brilliance
 j - 2 potions of attraction
 m - 2 potions of heal wounds


   Skills:
 + Level 2.8 Fighting
 + Level 1.3 Short Blades
 + Level 6.6 Long Blades
 + Level 1.3 Axes
 + Level 1.3 Maces & Flails
 + Level 1.3 Polearms
 + Level 1.3 Staves
 + Level 1.3 Slings
 + Level 1.3 Bows
 + Level 1.3 Crossbows
 + Level 1.3 Throwing
 + Level 1.3 Armour
 + Level 4.7 Dodging
 + Level 1.3 Stealth
 + Level 1.3 Shields
 + Level 1.3 Unarmed Combat
 + Level 5.1 Spellcasting
 + Level 1.0 Conjurations
 + Level 1.0 Hexes
 + Level 1.0 Summonings
 + Level 1.0 Necromancy
 + Level 1.0 Translocations
 + Level 1.0 Transmutations
 + Level 1.0 Fire Magic
 + Level 1.0 Ice Magic
 + Level 1.0 Air Magic
 + Level 1.0 Earth Magic
 + Level 2.3 Poison Magic
 + Level 1.4 Invocations
 + Level 2.8 Evocations


You had 6 spell levels left.
You knew the following spells:

 Your Spells              Type           Power      Damage    Failure   Level
a - Sting                 Tmut/Pois      28%        1d4       10%         1
b - Confusing Touch       Hex            6%         N/A       34%         3
c - Stone Arrow           Conj/Erth      12%        3d7       34%         3

Your spell library contained the following spells:

 Spells                   Type           Power      Damage    Failure   Level
 Ignite Poison            Fire/Tmut/Pois 7%         N/A       30%         3
 Conjure Flame            Conj/Fire      6%         6-21      34%         3
 Animate Armour           Summ/Erth      12%        N/A       75%         4
 Sticky Flame             Conj/Fire      6%         2d3       75%         4
 Yara's Violent Unravell  Hex/Tmut       3%         3d4       97%         5
 Enfeeble                 Hex            3%         N/A       100%        7
 Lehudib's Crystal Spear  Conj/Erth      3%         10d2      100%        8


Dungeon Overview and Level Annotations

Branches:
Dungeon (3/15)

Altars:
Qazlal


Innate Abilities, Weirdness & Mutations

You have very sharp teeth.
Your uncanny sense of smell can sniff out nearby items.
Your experience applies equally to all skills.


Message History

The orc priest is heavily wounded.
Unknown command.
You hit the orc priest. Your bite misses the orc priest.
The orc priest is heavily wounded.
The orc priest looks more healthy.
The orc priest calls down the wrath of Beogh upon you.
Pain shoots through your body!
You barely miss the orc priest. Your bite misses the orc priest.
The orc priest is severely wounded.
The orc seems less confused.
The orc priest hits you with a +0 whip.
You hit the orc priest but do no damage.
Your bite misses the orc priest.
The orc priest is severely wounded.
The orc priest hits you but does no damage.
You barely miss the orc priest.
The orc priest is severely wounded.
The orc barely misses you.
Unknown command.
You hit the orc priest.
The orc priest is almost dead.
The orc priest invokes the aid of Beogh against you.
Beogh smites you!
* * * LOW HITPOINT WARNING * * *
The orc misses you.
Casting: Confusing Touch (quite dangerous; 34% risk of failure)
Confirm with . or Enter, or press ? or * to list all spells.
Aiming: Sting (safe; 10% risk of failure)
Press: ? - help, Shift-Dir - straight line, f/p - orc priest
Aim: an orc priest, wielding a +0 whip and wearing a +0 ring mail (almost dead, 72% to hit)
You miscast Sting.
You are very lightly contaminated with residual magic.
Nothing appears to happen.
The orc priest mumbles some strange prayers to Beogh against you.
You barely resist. The orc hits you with a +0 whip.
* * * LOW HITPOINT WARNING * * *
You hit the orc priest but do no damage.
The orc priest is almost dead.
The orc priest mumbles some strange prayers to Beogh against you.
Pain shoots through your body!
You die...

#....... ..## #....).# #.# #
....# #......# ..#.^ ♣.[.#
#......# ..♣. ♣..# #......# ..'.
♣..###......###. ..♣
♣♣...............# ..#
♣♣..###.......##### ..##
♣♣.÷..o@..###### ...♣∆
♣♣..#....o.#####
...♣♣♣♣♣♣......###.....#########
..................<.............
........)####.########...######
.........# ##.# ###.....#
.........# #..# #####.###.
>........###.## #....)
........###..# #####.


You could see an orc priest and an orc.

Vanquished Creatures
  Terence (D:2)
  4 adders
  4 dart slugs
  An orc (D:2)
  4 ball pythons
  4 endoplasms
  2 giant cockroaches (D:2)
  4 goblins
  6 hobgoblins
  2 kobolds
  3 quokkas
  2 bats (D:1)
  4 frilled lizards
  5 rats
46 creatures vanquished.

Vanquished Creatures (others)
  4 plants (D:3)
4 creatures vanquished.

Grand Total: 50 creatures vanquished

Notes
Turn   | Place    | Note
-------+----------+-------------------------------------------
     0 | D:1      | croobank the Gnoll Wanderer began the quest for the Orb.
     0 | D:1      | croobank set off with the following items: a +2 falchion, a
                  | +0 pair of gloves, a +0 robe; and the following spell
                  | memorised: Sting; and the following spells available to
                  | memorise: Ignite Poison
     0 | D:1      | Reached XP level 1. HP: 17/17 MP: 6/6
   194 | D:1      | Reached XP level 2. HP: 14/23 MP: 5/7
  1271 | D:1      | Reached XP level 3. HP: 24/28 MP: 7/9
  1574 | D:2      | Reached skill level 5 in Spellcasting
  1605 | D:2      | Noticed Terence
  1629 | D:2      | Killed Terence
  1630 | D:2      | Reached skill level 1 in Short Blades
  1630 | D:2      | Reached skill level 1 in Axes
  1630 | D:2      | Reached skill level 1 in Maces & Flails
  1630 | D:2      | Reached skill level 1 in Polearms
  1630 | D:2      | Reached skill level 1 in Staves
  1630 | D:2      | Reached skill level 1 in Slings
  1630 | D:2      | Reached skill level 1 in Bows
  1630 | D:2      | Reached skill level 1 in Crossbows
  1630 | D:2      | Reached skill level 1 in Throwing
  1630 | D:2      | Reached skill level 1 in Armour
  1630 | D:2      | Reached skill level 1 in Stealth
  1630 | D:2      | Reached skill level 1 in Shields
  1630 | D:2      | Reached skill level 1 in Unarmed Combat
  1630 | D:2      | Reached skill level 1 in Invocations
  1835 | D:2      | Reached XP level 4. HP: 26/34 MP: 8/11
  1961 | D:2      | Found a stormy altar of Qazlal.
  2503 | D:3      | Reached skill level 1 in Conjurations
  2503 | D:3      | Reached skill level 1 in Hexes
  2503 | D:3      | Reached skill level 1 in Summonings
  2503 | D:3      | Reached skill level 1 in Necromancy
  2503 | D:3      | Reached skill level 1 in Translocations
  2503 | D:3      | Reached skill level 1 in Transmutations
  2503 | D:3      | Reached skill level 1 in Fire Magic
  2503 | D:3      | Reached skill level 1 in Ice Magic
  2503 | D:3      | Reached skill level 1 in Air Magic
  2503 | D:3      | Reached skill level 1 in Earth Magic
  2691 | D:2      | Learned a level 3 spell: Confusing Touch
  2695 | D:2      | Learned a level 3 spell: Stone Arrow
  3095 | D:3      | Killed from afar by an orc priest

Illustrated notes

Levels and vault maps discovered:
D:1:      dpeg_arrival_signposts, layout_loops_ring
D:2:      layout_loops_ring, basic_altar, uniq_terence
D:3:      layout_rooms, overflow_temple_1_default,
          dilly_ecumenical_altar_fadedgnrine, minmay_bisected,
          uniq_crazy_yiuf_cottage

Skill      XL: |  1  2  3  4 |
---------------+-------------+-----
Poison Magic   | 2 |  2.3
Spellcasting   | 5 |  5.1
Short Blades   | 1 |  1.3
Axes           | 1 |  1.3
Maces & Flails | 1 |  1.3
Polearms       | 1 |  1.3
Staves         | 1 |  1.3
Slings         | 1 |  1.3
Bows           | 1 |  1.3
Crossbows      | 1 |  1.3
Throwing       | 1 |  1.3
Armour         | 1 |  1.3
Stealth        | 1 |  1.3
Shields        | 1 |  1.3
Unarmed Combat | 1 |  1.3
Invocations    | 1 |  1.4
Conjurations   | 1 |  1.0
Hexes          | 1 |  1.0
Summonings     | 1 |  1.0
Necromancy     | 1 |  1.0
Translocations | 1 |  1.0
Transmutations | 1 |  1.0
Fire Magic     | 1 |  1.0
Ice Magic      | 1 |  1.0
Air Magic      | 1 |  1.0
Earth Magic    | 1 |  1.0
Fighting       | |  2.8
Long Blades    | |  6.6
Dodging        | |  4.7
Evocations     | |  2.8

Action                   |  1- 3 |  4- 6 || total
-------------------------+-------+-------++-------
Melee: Falchion          |    11 |       ||    11
       Short sword       |    47 |    69 ||   116
       Bite              |     3 |     9 ||    12
 Cast: Sting             |    34 |    14 ||    48
       Confusing Touch   |       |     3 ||     3
  Use: Scroll            |       |     2 ||     2
 Stab: Sleeping          |     1 |     3 ||     4
       Confused          |       |     1 ||     1
Armor: Robe              |    16 |    24 ||    40
Dodge: Dodged            |    42 |    38 ||    80
